 Dungeon Crawl Stone Soup version 0.27-a0-203-gd48b2df3c9 (webtiles) character file.

Game seed: 4503283584598070054

54 MartinH the Ruffian (level 3, -8/28 HPs)
             Began as a Draconian Transmuter on Jan 30, 2021.
             Mangled by an orc
             ... wielding a +0 flail
              (11 damage)
             ... on level 2 of the Dungeon.
             The game lasted 00:11:35 (1935 turns).

MartinH the Ruffian (Draconian Transmuter)          Turns: 1935, Time: 00:11:35

Health: -8/28      AC:  6    Str: 13    XL:     3   Next: 66%
Magic:  6/6        EV: 12    Int: 13    God:
Gold:   87         SH:  0    Dex: 11    Spells: 5/6 levels left

rFire    . . .     SeeInvis .   g - +0 dagger (venom)
rCold    . . .     Faith    .   (no shield)
rNeg     . . .     Spirit   .   (armour unavailable)
rPois    .         Reflect  .   (helmet restricted)
rElec    .         Harm     .   (no cloak)
rCorr    .         Rampage  .   c - +0 pair of gloves
Will     .....                  (no boots)
Stlth    +.........             (no amulet)
HPRegen  0.09/turn              (no ring)
MPRegen  0.10/turn              (no ring)

@: no status effects
A: unfitting armour, cold-blooded, AC +5
a: no special abilities


You were on level 2 of the Dungeon.
You visited 1 branch of the dungeon, and saw 2 of its levels.

You collected 87 gold pieces.

Inventory:

Hand Weapons
 b - a +0 dagger
 d - a +0 hunting sling
 g - a +0 dagger of venom (weapon)
 l - a +0 hand axe
Missiles
 o - 15 arrows
Armour
 c - a +0 pair of gloves (worn)
 j - a +0 scale mail
Scrolls
 a - 3 scrolls of remove curse {unknown}
 f - a scroll of amnesia {unknown}
 i - a scroll of fog {unknown}
Potions
 e - 2 potions of flight
 h - a potion of cancellation
 k - a potion of might {unknown}
 m - a potion of magic {unknown}
 n - a potion of brilliance {unknown}


   Skills:
 + Level 1.1 Fighting
 + Level 1.3 Short Blades
 + Level 2.1 Dodging
 + Level 0.3 Stealth
 + Level 3.7 Unarmed Combat
 + Level 2.2 Spellcasting
 + Level 2.1 Transmutations


You had 5 spell levels left.
You knew the following spells:

 Your Spells              Type           Power        Failure   Level
a - Beastly Appendage     Tmut           12%          11%         1

Your spell library contained the following spells:

 Spells                   Type           Power        Failure   Level
 Wereblood                Tmut           6%           16%         2
 Spider Form              Tmut/Pois      2%           43%         3
 Ice Form                 Ice/Tmut       4%           85%         4
 Blade Hands              Tmut           3%           96%         5


Dungeon Overview and Level Annotations

Branches:
Dungeon (2/15)

Altars:
Dithmenos


Innate Abilities, Weirdness & Mutations

Your plain brown scales are hard. (AC +5)
You cannot fit into any form of body armour.
You are cold-blooded and may be slowed by cold attacks.


Message History

You barely miss the orc. The orc hits you with a +0 club.
The kobold hits you but does no damage.
You closely miss the kobold. The orc hits you with a +0 club.
The orc hits you with a +0 flail. The kobold hits you but does no damage.
You hit the kobold but do no damage.
The kobold is poisoned.
The orc hits you but does no damage. x2
The kobold hits you but does no damage.
You hit the kobold.
You kill the kobold!
The adder misses you. The orc barely misses you.
The orc hits you with a +0 flail!
* * * LOW HITPOINT WARNING * * *
The adder bites you but does no damage.
Things that are here:
a +0 short sword; a stone It was a potion of cancellation.
You feel magically purged. The adder barely misses you.
The orc hits you with a +0 club.
* * * LOW HITPOINT WARNING * * *
The orc hits you with a +0 flail!
You die...

..? ##. ### ...# .... ##.
... ..###..# ... #.... #.#
#..#..# #... ..# .
..#..##.....##... ..#
#.#................ .>##
##.#. #(........#
..........####...o...##
.#### #...##...@S....##..
....# #.........o..).....
....####.....##.....##...#
............###..#..# .#
............##..###..#
................# ....
....##.#...#.##..# ...#.
....##.#...#.##.....(#. #
######.#...#.# #>###


You could see an adder and 2 orcs.

Vanquished Creatures
  An adder (D:2)
  4 dart slugs
  2 leopard geckos (D:1)
  An orc (D:2)
  A giant cockroach (D:1)
  6 goblins (D:1)
  4 hobgoblins
  A quokka (D:2)
  A ball python (D:1)
  3 bats
  3 frilled lizards
  6 kobolds
  A rat (D:2)
34 creatures vanquished.

Notes
Turn   | Place    | Note
-------+----------+-------------------------------------------
     0 | D:1      | MartinH the Draconian Transmuter began the quest for the
                  | Orb.
     0 | D:1      | Reached XP level 1. HP: 16/16 MP: 3/3
   370 | D:1      | Reached XP level 2. HP: 19/23 MP: 5/5
  1126 | D:1      | Reached XP level 3. HP: 28/28 MP: 6/6
  1705 | D:2      | Reached skill level 1 in Short Blades
  1916 | D:2      | Found a shadowy altar of Dithmenos.
  1935 | D:2      | Mangled by an orc

Illustrated notes

Levels and vault maps discovered:
D:1:      heliophobic_arrival_battle_scene, layout_loops_corners
D:2:      layout_loops_cross, old_standard_altar,
          nicolae_dithmenos_shadow_blocks

Skill      XL: |  1  2  3 |
---------------+----------+-----
Dodging        | 2 |  2.1
Short Blades   | 1 |  1.3
Fighting       | |  1.1
Stealth        | |  0.3
Unarmed Combat | |  3.7
Spellcasting   | |  2.2
Transmutations | |  2.1

Action                   || total
-------------------------++-------
Melee: Unarmed           ||    24
       Dagger            ||    93
       Tailslap          ||    14
  Use: Potion            ||     2
 Stab: Sleeping          ||     3
Armor: Skin              ||    52
Dodge: Dodged            ||    85

Table legend: (Time is in decaauts)
 A = Elapsed time spent in this place.
 B = Non-inter-level travel time spent in this place.
 C = Inter-level travel time spent in this place.
 D = Time resting spent in this place.
 E = Time spent auto-exploring this place.
 F = Levels seen in this place.
 G = Mean time per level.
                   A        B        C        D        E       F      G
               +--------+--------+--------+--------+--------+-----+--------+
         Total |   1929 |   1371 |    558 |    504 |    587 |   2 |  964.5 |
       Dungeon |   1929 |   1371 |    558 |    504 |    587 |   2 |  964.5 |
               +--------+--------+--------+--------+--------+-----+--------+

Top non-repeatable levels by time:
     D:1: 1650 daAuts
     D:2: 278 daAuts
